 Dungeon Crawl Stone Soup version 0.29.1-1-gd02db6906a (webtiles) character file.

Game seed: 3519880223736100448

378 RKaid the Shooter (level 6, 0/36 HPs)
             Began as a Deep Elf Hunter on Sept 19, 2022.
             Was an Initiate of Hepliaklqana.
             Slain by an ogre
             ... wielding a +0 giant club
              (22 damage)
             ... on level 5 of the Dungeon on Sept 20, 2022.
             The game lasted 00:12:44 (4220 turns).

RKaid the Shooter (Deep Elf Hunter)                 Turns: 4220, Time: 00:12:45

Health: 0/36       AC:  6    Str:  8    XL:     6   Next: 45%
Magic:  8/8        EV: 14    Int: 14    God:    Hepliaklqana [......]
Gold:   206        SH:  0    Dex: 20    Spells: 5/5 levels left

rFire   . . .      SeeInvis .   a - +0 shortbow
rCold   . . .      Faith    .   (shield currently unavailable)
rNeg    . . .      Spirit   .   t - +0 leather armour
rPois   .          Reflect  .   s - +1 helmet
rElec   .          Harm     .   (no cloak)
rCorr   .          Rampage  .   r - +0 pair of gloves
Will    .....                   (no boots)
Stlth   +++.......              (no amulet)
HPRegen 0.12/turn               (no ring)
MPRegen 0.11/turn               (no ring)

@: no status effects
A: no striking features
a: Renounce Religion


You were on level 5 of the Dungeon.
You worshipped Hepliaklqana.
Hepliaklqana was noncommittal.
You visited 2 branches of the dungeon, and saw 6 of its levels.

You collected 206 gold pieces.

Inventory:

Hand Weapons
 a - a +0 shortbow (weapon)
Armour
 r - a +0 pair of gloves (worn)
   (You found it on level 3 of the Dungeon)
 s - a +1 helmet (worn)
   (You found it on level 3 of the Dungeon)
 t - a +0 leather armour (worn)
Magical Staves
 k - a staff of conjuration {!a}
   (You found it on level 2 of the Dungeon)
Jewellery
 e - an amulet of faith {Faith, !P}
   (You found it on level 1 of the Dungeon)
Wands
 q - a wand of flame (17)
   (You found it on level 3 of the Dungeon)
Scrolls
 b - 2 scrolls of immolation {!r}
 f - a scroll of enchant weapon
 g - a scroll of vulnerability {unknown}
 i - 2 scrolls of identify
 l - a scroll of noise {unknown}
 n - a scroll of blinking {unknown}
 o - a scroll of silence {unknown}
 p - 2 scrolls of magic mapping {unknown}
Potions
 c - a potion of curing
 d - 3 potions of flight {unknown}
 j - a potion of cancellation {unknown}
 m - a potion of might {unknown}
 u - a potion of lignification {unknown}
 v - a potion of invisibility {unknown}


   Skills:
 + Level 2.9 Fighting
 * Level 7.7 Ranged Weapons
 + Level 4.3 Dodging
 + Level 3.9 Stealth


You had 5 spell levels left.
You didn't know any spells.
Your spell library contained the following spells:

 Spells                   Type           Power      Damage    Failure   Level
 Apportation              Tloc           0%         N/A       38%         1
 Necrotise                Necr           0%         1d4       38%         1
 Summon Small Mammal      Summ           0%         N/A       38%         1
 Sublimation of Blood     Necr           0%         N/A       54%         2
 Wereblood                Tmut           0%         N/A       54%         2
 Summon Ice Beast         Ice/Summ       0%         N/A       99%         4
 Summon Mana Viper        Hex/Summ       0%         N/A       100%        5
 Monstrous Menagerie      Summ           0%         N/A       100%        7
 Summon Hydra             Summ           0%         N/A       100%        7


Dungeon Overview and Level Annotations

Branches:
Dungeon (5/15)             Temple (1/1) D:4

Altars:
Dithmenos
Elyvilon
Hepliaklqana

Shops:
D:1 (

Annotations:
D:4 1 runed translucent door, Crazy Yiuf, Natasha


Message History

You pick up a book of Beasts and begin reading...
You add the spells Summon Ice Beast, Summon Mana Viper and Monstrous Menagerie to your library.
i - 2 scrolls of identify (gained 1)
A hound comes into view.
You shoot an arrow. The arrow hits the hound!
The hound barks!
You shoot an arrow. The arrow closely misses the hound.
The hound barely misses you.
You shoot an arrow. The arrow hits the hound!
You kill the hound!
No target in view!
No target in view!
No target in view!
Unknown command.
An adder comes into view.
Found a glowing steel amulet and a ring mail.
Found a stone staircase leading down.
You see here a +0 mace.
You shoot an arrow. The arrow hits the adder.
The adder hisses angrily.
You hear a shout!
You shoot an arrow. The arrow barely misses the adder.
An ogre comes into view. It is wielding a +0 giant club.
You shoot an arrow. The arrow closely misses the adder.
You shoot an arrow. The arrow barely misses the adder.
The adder barely misses you. The adder closely misses you. The adder bites you.
The adder attacks as you move away! The adder bites you but does no damage.
The adder bites you.
You are poisoned.
The adder poisons you!
You feel sick.
Save game and exit?
Options error: Bad channel -- food (~/.crawlrc:229) Options error: Bad channel -- rotten_meat (~/.crawlrc:246) Options error: Bad object type '%}\|' for autopickup. (~/.crawlrc:3423) Bad channel name for runrest: 'Jiyva says: Divide and consume' Welcome back, RKaid the Deep Elf Hunter.
Hepliaklqana says: Your past becomes your present!
Press ? for a list of commands and other information.
Fire: a) +0 shortbow
Press: ? - help, Q - select action Shift-Dir - straight line, f - adder
Aim: an adder (lightly wounded, 51% to hit)
You shoot an arrow. The arrow hits the adder!
You feel sick. The adder closely misses you. The adder barely misses you.
Fire: a) +0 shortbow
Press: ? - help, Q - select action Shift-Dir - straight line, f/p - adder
Aim: an adder (severely wounded, 51% to hit)
You shoot an arrow.
The arrow hits the adder but does no damage.
You feel sick. The adder barely misses you.
Fire: a) +0 shortbow
Press: ? - help, Q - select action Shift-Dir - straight line, f/p - adder
Aim: an adder (severely wounded, 51% to hit)
You shoot an arrow. The arrow barely misses the adder.
You feel sick. The adder closely misses you. The adder bites you.
Fire: a) +0 shortbow
Press: ? - help, Q - select action Shift-Dir - straight line, f/p - adder
Aim: an adder (severely wounded, 51% to hit)
You shoot an arrow. The arrow barely misses the adder.
You feel sick. The adder barely misses you.
Fire: a) +0 shortbow
Press: ? - help, Q - select action Shift-Dir - straight line, f/p - adder
Aim: an adder (severely wounded, 51% to hit)
You shoot an arrow. The arrow barely misses the adder.
You feel sick.
You are no longer poisoned.
The adder barely misses you. The adder misses you. The adder misses you.
The adder attacks as you move away! The adder bites you but does no damage.
The adder misses you.
Fire: a) +0 shortbow
Press: ? - help, Q - select action Shift-Dir - straight line, f/p - adder
Aim: an adder (severely wounded, 51% to hit)
You shoot an arrow. The arrow hits the adder!
You kill the adder!
Fire: a) +0 shortbow
Press: ? - help, Q - select action Shift-Dir - straight line, f - ogre
Aim: an ogre, wielding a +0 giant club (79% to hit)
You shoot an arrow. The arrow hits the ogre.
The ogre hits you with a +0 giant club!!
Ouch! That really hurt!
* * * LOW HITPOINT WARNING * * *
You feel much better. The ogre misses you.
Fire: a) +0 shortbow
Press: ? - help, Q - select action Shift-Dir - straight line, f/p - ogre
Aim: an ogre, wielding a +0 giant club (lightly wounded, 79% to hit)
You shoot an arrow.
The arrow hits the ogre but does no damage.
Fire: a) +0 shortbow
Press: ? - help, Q - select action Shift-Dir - straight line, f/p - ogre
Aim: an ogre, wielding a +0 giant club (lightly wounded, 79% to hit)
You shoot an arrow. The arrow completely misses the ogre.
The ogre closely misses you.
Fire: a) +0 shortbow
Press: ? - help, Q - select action Shift-Dir - straight line, f/p - ogre
Aim: an ogre, wielding a +0 giant club (lightly wounded, 79% to hit)
You shoot an arrow. The arrow barely misses the ogre.
The ogre hits you with a +0 giant club!!
Ouch! That really hurt!
You die...

#....).#
#....#.#
#...##.####
......
#....# ≈P#.>
####.# # #".
###.# ..
#...#
.[######.###
#..@O.#
#.##### #.#
#.# #.#
#.######
#......#
###......#
#........#


You could see an ogre.

Vanquished Creatures
  Blork the orc (D:4)
  2 hounds
  A jelly (D:4)
  4 orc wizards
  3 gnolls
  3 adders
  A worm (D:3)
  4 dart slugs
  5 orcs
  6 bats
  4 endoplasms
  2 giant cockroaches
  A goblin (D:1)
  3 hobgoblins
  3 jackals (D:1)
  8 kobolds (D:1)
  2 quokkas
  5 ball pythons
  A frilled lizard (D:3)
  3 rats
62 creatures vanquished.

Notes
Turn   | Place    | Note
-------+----------+-------------------------------------------
     0 | D:1      | RKaid the Deep Elf Hunter began the quest for the Orb.
     0 | D:1      | Reached XP level 1. HP: 12/12 MP: 3/3
   173 | D:1      | Found a faded altar of an unknown god.
   185 | D:1      | Reached XP level 2. HP: 17/17 MP: 4/4
   761 | D:1      | Reached skill level 2 in Stealth
   977 | D:1      | Found Foogh's Antique Weapon Shop.
  1030 | D:1      | Reached XP level 3. HP: 21/21 MP: 5/5
  1136 | D:2      | Reached skill level 6 in Ranged Weapons
  1139 | D:2      | Reached skill level 2 in Fighting
  1185 | D:2      | Reached skill level 3 in Dodging
  1836 | D:3      | Reached XP level 4. HP: 9/26 MP: 6/6
  2708 | D:4      | Reached skill level 3 in Stealth
  2708 | D:4      | Reached XP level 5. HP: 31/31 MP: 7/7
  2832 | D:4      | HP: 6/31 [gnoll/+0 club (2)]
  2842 | D:3      | Reached skill level 7 in Ranged Weapons
  3091 | D:4      | Noticed Blork the orc
  3188 | D:4      | Reached skill level 4 in Dodging
  3375 | D:4      | Reached XP level 6. HP: 36/36 MP: 8/8
  3522 | D:4      | Found a staircase to the Ecumenical Temple.
  3531 | Temple   | Entered the Ecumenical Temple
  3573 | Temple   | Became a worshipper of Hepliaklqana the Forgotten
  3727 | D:4      | Noticed Natasha
  3812 | D:4      | Found a runed translucent door.
  3813 | D:4      | Noticed Crazy Yiuf
  3943 | D:4      | Killed Blork the orc
  4150 | D:5      | Entered Level 5 of the Dungeon
  4216 | D:5      | HP: 1/36 [ogre/+0 giant club (25)]
  4220 | D:5      | Slain by an ogre

Illustrated notes

Levels and vault maps discovered:
D:1:      dpeg_arrival_line_fractal, layout_basic,
          ebering_ecumenical_altar_webs, serial_shops, nicolae_diamond_shop,
          kennysheep_minor_cross
D:2:      layout_loops_cross
D:3:      layout_rooms, glass_columns_c, minivault_14
D:4:      layout_cave_pools, minmay_temple_entry_waves, uniq_crazy_yiuf_cottage,
          uniq_blork_the_orc, uniq_natasha
D:5:      layout_basic, dreamdust_princess_bridge, kennysheep_generic_room_16
Temple:   mainiacjoe_temple_cubbyholes

Skill      XL: |  1  2  3  4  5 |
---------------+----------------+-----
Stealth        | 2 3 |  3.9
Ranged Weapons | 6 7 |  7.7
Fighting       | 2 |  2.9
Dodging        | 3 4 |  4.3

Action                   |  1- 3 |  4- 6 || total
-------------------------+-------+-------++-------
Melee: Shortbow          |     1 |     1 ||     2
 Fire: Shortbow          |    92 |   131 ||   223
  Use: Scroll            |       |     2 ||     2
       Potion            |       |     3 ||     3
Armor: Leather armour    |    10 |    27 ||    37
Dodge: Dodged            |    41 |    57 ||    98

Table legend: (Time is in decaauts)
 A = Elapsed time spent in this place.
 B = Non-inter-level travel time spent in this place.
 C = Inter-level travel time spent in this place.
 D = Time resting spent in this place.
 E = Time spent auto-exploring this place.
 F = Levels seen in this place.
 G = Mean time per level.
                   A        B        C        D        E       F      G
               +--------+--------+--------+--------+--------+-----+--------+
         Total |   4279 |   3988 |    291 |   1101 |   2226 |   6 |  713.2 |
       Dungeon |   4212 |   3944 |    268 |   1101 |   2191 |   5 |  842.4 |
        Temple |     66 |     43 |     23 |      0 |     35 |   1 |   66.0 |
               +--------+--------+--------+--------+--------+-----+--------+

Top non-repeatable levels by time:
     D:1: 1136 daAuts
     D:3: 1094 daAuts
     D:4: 957 daAuts
     D:2: 952 daAuts
     D:5: 72 daAuts
  Temple: 66 daAuts

Table legend:
 A = Kills in this place as a percentage of kills in entire the game.
 B = Kills by you in this place as a percentage of kills by you in the entire game.
 C = Kills by friends in this place as a percentage of kills by friends in the entire game.
 D = Other kills in this place as a percentage of other kills in the entire game.
 E = Experience gained in this place as a percentage of experience gained in the entire game.
 F = Experience gained in this place divided by the number of levels of this place that you have seen.
                   A       B       C       D       E      F
               +-------+-------+-------+-------+-------+----------------------
         Total | 100.0 | 100.0 |   N/A |   N/A | 100.0 |  90.2
       Dungeon | 100.0 | 100.0 |   N/A |   N/A | 100.0 | 108.2
               +-------+-------+-------+-------+-------+----------------------
